[ AOE2 MATCH · #508388298 ]
UnrankedItalians vs Mongols
Player's team · WIN
Rival team · LOSS
[ REPLAY ANALYSIS · EXTRACTED FROM THE RECORDED GAME ]
Feudal
8:01
Castle
22:04
Imperial
39:20
| APM avg | 75.9 |
| APM peak | 179 |
| eAPM avg | 50.0 |
| Villagers / military | 186 / 227 |
Focus
⚔️ 65.6% · 🌾 34.4%
Genoese Crossbowman ×100 · Scout Cavalry ×73 · Trebuchet (Packed) ×12 · Archer ×11 · Mangonel ×11 · Bombard Cannon ×7
Feudal
8:52
Castle
26:27
Imperial
41:41
| APM avg | 70.7 |
| APM peak | 104 |
| eAPM avg | 32.9 |
| Villagers / military | 174 / 289 |
Focus
⚔️ 41.2% · 🌾 58.8%
Skirmisher ×150 · Scout Cavalry ×65 · Steppe Lancer ×26 · Archer ×14 · Spearman ×14 · Trebuchet (Packed) ×7
Match map
Initial resources + every placement click. Lines = walls · curves = elevation contours. ◆ gold · ⬟ stone · ● berries · ✦ relic · ◌ wall gap
Your base· Open — 4t gap
Proctologue's base· Open — 3t gap
Smoothed initial terrain · ◌ = detected wall gap · hover for details
Inputs per minute
— Kalpit00 - - Proctologue
Build order — Kalpit00
First 150 of 629 actions detected
| 0:00 | Queue | Villager (Male) |
| 0:01 | Queue | Villager (Male) |
| 0:02 | Build | House |
| 0:02 | Build | House |
| 0:07 | Queue | Villager (Male) |
| 0:15 | Queue | Villager (Male) |
| 1:27 | Queue | Villager (Male) |
| 1:27 | Queue | Villager (Male) |
| 1:59 | Queue | Villager (Male) |
| 1:59 | Queue | Villager (Male) |
| 2:01 | Build | Lumber Camp |
| 2:14 | Queue | Villager (Male) |
| 2:14 | Queue | Villager (Male) |
| 2:51 | Queue | Villager (Male) |
| 2:51 | Queue | Villager (Male) |
| 3:18 | Queue | Villager (Male) |
| 3:18 | Queue | Villager (Male) |
| 3:25 | Build | House |
| 3:59 | Queue | Villager (Male) |
| 4:01 | Queue | Villager (Male) |
| 4:02 | Queue | Villager (Male) |
| 4:09 | Build | Mill |
| 4:32 | Queue | Villager (Male) |
| 4:32 | Queue | Villager (Male) |
| 4:49 | Queue | Villager (Male) |
| 5:09 | Research | Loom |
| 5:09 | Research | Loom |
| 5:46 | Research | Feudal Age |
| 7:06 | Build | Barracks |
| 7:17 | Queue | Villager (Male) |
| 8:01 | Age | Feudal Age |
| 8:03 | Build | Stable |
| 8:13 | Build | House |
| 8:15 | Research | Double-Bit Axe |
| 8:17 | Queue | Villager (Male) |
| 8:35 | Queue | Villager (Male) |
| 8:45 | Queue | Scout Cavalry |
| 8:48 | Build | House |
| 8:49 | Build | Palisade Wall |
| 8:51 | Queue | Villager (Male) |
| 8:55 | Queue | Villager (Male) |
| 9:34 | Queue | Scout Cavalry |
| 9:37 | Queue | Villager (Male) |
| 9:39 | Build | Farm |
| 9:40 | Build | Farm |
| 9:51 | Build | House |
| 9:55 | Queue | Villager (Male) |
| 9:57 | Build | Palisade Wall |
| 9:59 | Build | Palisade Wall |
| 9:59 | Build | Palisade Wall |
| 10:01 | Build | Palisade Wall |
| 10:02 | Build | Palisade Wall |
| 10:04 | Build | Palisade Wall |
| 10:12 | Build | Palisade Wall |
| 10:13 | Build | Palisade Wall |
| 10:16 | Build | Palisade Wall |
| 10:17 | Build | Palisade Wall |
| 10:21 | Build | Farm |
| 10:21 | Queue | Villager (Male) |
| 10:22 | Queue | Villager (Male) |
| 10:37 | Build | Farm |
| 10:37 | Build | Farm |
| 10:48 | Queue | Scout Cavalry |
| 10:56 | Queue | Villager (Male) |
| 11:19 | Build | Archery Range |
| 11:24 | Queue | Villager (Male) |
| 11:24 | Queue | Villager (Male) |
| 11:26 | Build | Palisade Wall |
| 11:28 | Queue | Villager (Male) |
| 11:49 | Queue | Villager (Male) |
| 11:52 | Build | Palisade Wall |
| 11:56 | Queue | Archer |
| 11:58 | Build | Palisade Wall |
| 12:15 | Build | Mining Camp |
| 12:30 | Queue | Villager (Male) |
| 12:53 | Queue | Villager (Male) |
| 12:55 | Build | Farm |
| 12:56 | Build | Farm |
| 13:03 | Queue | Archer |
| 13:13 | Queue | Scout Cavalry |
| 13:23 | Queue | Villager (Male) |
| 13:23 | Queue | Villager (Male) |
| 13:27 | Queue | Villager (Male) |
| 13:28 | Build | Farm |
| 13:32 | Build | Farm |
| 13:36 | Build | Farm |
| 13:44 | Queue | Archer |
| 13:50 | Queue | Villager (Male) |
| 14:05 | Queue | Archer |
| 14:12 | Queue | Scout Cavalry |
| 14:24 | Build | House |
| 14:26 | Build | Farm |
| 14:27 | Build | Farm |
| 14:28 | Build | Farm |
| 14:50 | Queue | Archer |
| 15:00 | Queue | Scout Cavalry |
| 15:06 | Queue | Villager (Male) |
| 15:07 | Build | Farm |
| 15:09 | Build | Farm |
| 15:09 | Build | Farm |
| 15:28 | Build | Palisade Wall |
| 15:31 | Build | Farm |
| 15:43 | Queue | Archer |
| 15:45 | Queue | Villager (Male) |
| 15:50 | Build | House |
| 16:08 | Build | House |
| 16:17 | Queue | Villager (Male) |
| 16:21 | Queue | Scout Cavalry |
| 16:34 | Queue | Villager (Male) |
| 16:36 | Queue | Villager (Male) |
| 16:39 | Queue | Villager (Male) |
| 16:46 | Queue | Villager (Male) |
| 16:51 | Build | Blacksmith |
| 16:52 | Build | House |
| 16:55 | Queue | Archer |
| 17:00 | Queue | Archer |
| 17:02 | Build | House |
| 17:15 | Queue | Scout Cavalry |
| 17:38 | Research | Fletching |
| 17:45 | Build | Farm |
| 17:46 | Build | Farm |
| 17:51 | Queue | Scout Cavalry |
| 18:02 | Queue | Villager (Male) |
| 18:14 | Queue | Villager (Male) |
| 18:21 | Queue | Villager (Male) |
| 18:26 | Queue | Villager (Male) |
| 18:28 | Queue | Villager (Male) |
| 18:30 | Queue | Villager (Male) |
| 18:52 | Queue | Villager (Male) |
| 19:15 | Build | Mining Camp |
| 19:24 | Research | Castle Age |
| 19:24 | Research | Castle Age |
| 19:59 | Queue | Scout Cavalry |
| 20:00 | Queue | Archer |
| 20:02 | Research | Horse Collar |
| 20:02 | Research | Horse Collar |
| 20:10 | Build | House |
| 20:16 | Build | Palisade Wall |
| 20:28 | Build | Palisade Wall |
| 20:34 | Queue | Archer |
| 20:52 | Build | Palisade Wall |
| 20:53 | Build | Palisade Wall |
| 20:59 | Queue | Archer |
| 22:04 | Age | Castle Age |
| 22:05 | Research | Bodkin Arrow |
| 22:06 | Queue | Villager (Male) |
| 22:14 | Queue | Knight |
| 22:14 | Queue | Knight |
| 22:21 | Build | Town Center |
| 22:24 | Build | Town Center |
Build order — Proctologue
First 150 of 727 actions detected
| 0:02 | Queue | Villager (Male) |
| 0:02 | Queue | Villager (Male) |
| 0:02 | Queue | Villager (Male) |
| 0:02 | Queue | Villager (Male) |
| 0:04 | Build | House |
| 0:06 | Build | House |
| 1:29 | Queue | Villager (Male) |
| 1:37 | Build | Lumber Camp |
| 1:53 | Queue | Villager (Male) |
| 1:53 | Queue | Villager (Male) |
| 2:14 | Queue | Villager (Male) |
| 2:52 | Queue | Villager (Male) |
| 2:52 | Queue | Villager (Male) |
| 3:27 | Build | House |
| 3:40 | Queue | Villager (Male) |
| 3:40 | Queue | Villager (Male) |
| 3:52 | Queue | Villager (Male) |
| 4:38 | Queue | Villager (Male) |
| 4:45 | Queue | Villager (Male) |
| 5:06 | Queue | Villager (Male) |
| 5:37 | Build | Barracks |
| 5:42 | Research | Loom |
| 5:56 | Build | House |
| 6:33 | Research | Feudal Age |
| 6:34 | Queue | Militia |
| 6:34 | Queue | Militia |
| 6:49 | Build | Mill |
| 7:23 | Queue | Militia |
| 7:49 | Build | Mining Camp |
| 8:08 | Queue | Villager (Male) |
| 8:39 | Queue | Villager (Male) |
| 8:52 | Age | Feudal Age |
| 8:54 | Research | Man-at-Arms (upgrade) |
| 9:10 | Build | Farm |
| 9:27 | Queue | Spearman |
| 9:31 | Build | House |
| 9:32 | Build | House |
| 9:45 | Build | Farm |
| 9:46 | Queue | Villager (Male) |
| 9:55 | Queue | Villager (Male) |
| 9:57 | Build | Palisade Wall |
| 10:20 | Queue | Villager (Male) |
| 10:26 | Queue | Villager (Male) |
| 10:30 | Build | Farm |
| 10:32 | Build | Farm |
| 10:35 | Build | Archery Range |
| 10:46 | Queue | Villager (Male) |
| 10:51 | Build | House |
| 10:52 | Build | House |
| 10:54 | Build | Palisade Wall |
| 11:14 | Queue | Villager (Male) |
| 11:17 | Research | Double-Bit Axe |
| 11:21 | Build | Palisade Wall |
| 11:23 | Build | Palisade Wall |
| 11:23 | Build | Palisade Wall |
| 11:24 | Build | Palisade Wall |
| 11:29 | Build | Palisade Wall |
| 11:30 | Build | Palisade Wall |
| 11:31 | Build | Palisade Wall |
| 11:39 | Queue | Villager (Male) |
| 11:43 | Queue | Spearman |
| 11:50 | Queue | Villager (Male) |
| 12:10 | Queue | Villager (Male) |
| 12:17 | Queue | Skirmisher |
| 12:18 | Queue | Skirmisher |
| 12:51 | Queue | Villager (Male) |
| 12:54 | Build | Farm |
| 13:04 | Build | Palisade Wall |
| 13:08 | Queue | Skirmisher |
| 13:14 | Queue | Villager (Male) |
| 13:24 | Build | Farm |
| 13:47 | Queue | Villager (Male) |
| 13:51 | Queue | Villager (Male) |
| 14:02 | Queue | Skirmisher |
| 14:08 | Queue | Villager (Male) |
| 14:13 | Build | Blacksmith |
| 14:22 | Queue | Skirmisher |
| 14:35 | Queue | Archer |
| 14:38 | Build | Farm |
| 14:52 | Queue | Villager (Male) |
| 15:04 | Research | Fletching |
| 15:11 | Queue | Villager (Male) |
| 15:13 | Build | Farm |
| 15:32 | Queue | Villager (Male) |
| 15:33 | Build | Farm |
| 15:34 | Build | Farm |
| 15:41 | Queue | Villager (Male) |
| 15:43 | Build | Farm |
| 15:50 | Queue | Skirmisher |
| 15:54 | Queue | Spearman |
| 16:36 | Queue | Villager (Male) |
| 16:43 | Queue | Villager (Male) |
| 16:46 | Queue | Skirmisher |
| 16:50 | Queue | Skirmisher |
| 16:52 | Build | Archery Range |
| 17:04 | Queue | Villager (Male) |
| 17:10 | Build | Farm |
| 17:10 | Build | Farm |
| 17:10 | Build | Farm |
| 17:10 | Build | Farm |
| 17:18 | Queue | Villager (Male) |
| 17:25 | Research | Padded Archer Armor |
| 17:27 | Queue | Skirmisher |
| 17:29 | Queue | Villager (Male) |
| 17:33 | Build | Lumber Camp |
| 18:01 | Queue | Skirmisher |
| 18:05 | Build | House |
| 18:11 | Queue | Villager (Male) |
| 18:14 | Build | House |
| 18:25 | Queue | Villager (Male) |
| 18:32 | Queue | Villager (Male) |
| 18:33 | Queue | Skirmisher |
| 18:36 | Queue | Villager (Male) |
| 18:42 | Queue | Villager (Male) |
| 18:44 | Queue | Villager (Male) |
| 18:45 | Queue | Skirmisher |
| 18:47 | Queue | Skirmisher |
| 18:48 | Build | Farm |
| 18:49 | Queue | Skirmisher |
| 18:56 | Queue | Villager (Male) |
| 19:01 | Queue | Spearman |
| 19:07 | Queue | Villager (Male) |
| 19:10 | Queue | Villager (Male) |
| 19:13 | Queue | Archer |
| 19:14 | Queue | Archer |
| 19:17 | Queue | Villager (Male) |
| 19:22 | Build | Lumber Camp |
| 19:38 | Queue | Spearman |
| 19:38 | Queue | Archer |
| 19:39 | Queue | Archer |
| 20:02 | Queue | Spearman |
| 20:04 | Queue | Skirmisher |
| 20:04 | Queue | Archer |
| 20:05 | Queue | Villager (Male) |
| 20:06 | Build | Farm |
| 20:07 | Build | Farm |
| 20:08 | Build | Farm |
| 20:13 | Research | Horse Collar |
| 20:22 | Queue | Villager (Male) |
| 20:27 | Build | House |
| 20:28 | Build | House |
| 20:31 | Queue | Archer |
| 20:38 | Queue | Villager (Male) |
| 20:42 | Research | Scale Mail Armor |
| 20:43 | Queue | Villager (Male) |
| 20:45 | Build | Farm |
| 20:46 | Build | Farm |
| 20:51 | Research | Wheelbarrow |
| 21:01 | Queue | Archer |
| 21:12 | Queue | Skirmisher |
Match timeline
| 5:37 | Proctologue · first_building Barracks |
| 7:06 | Kalpit00 · first_building Barracks |
| 8:01 | Kalpit00 · age_up feudal |
| 8:03 | Kalpit00 · first_building Stable |
| 8:49 | Kalpit00 · wall_segment Palisade Wall x1 |
| 8:52 | Proctologue · age_up feudal |
| 9:57 | Kalpit00 · wall_segment Palisade Wall x1 |
| 9:57 | Proctologue · wall_segment Palisade Wall x1 |
| 9:59 | Kalpit00 · wall_segment Palisade Wall x1 |
| 9:59 | Kalpit00 · wall_segment Palisade Wall x1 |
| 10:01 | Kalpit00 · wall_segment Palisade Wall x1 |
| 10:02 | Kalpit00 · wall_segment Palisade Wall x1 |
| 10:04 | Kalpit00 · wall_segment Palisade Wall x1 |
| 10:12 | Kalpit00 · wall_segment Palisade Wall x1 |
| 10:13 | Kalpit00 · wall_segment Palisade Wall x1 |
| 10:16 | Kalpit00 · wall_segment Palisade Wall x1 |
| 10:17 | Kalpit00 · wall_segment Palisade Wall x1 |
| 10:35 | Proctologue · first_building Archery Range |
| 10:54 | Proctologue · wall_segment Palisade Wall x1 |
| 11:19 | Kalpit00 · first_building Archery Range |
| 11:21 | Proctologue · wall_segment Palisade Wall x1 |
| 11:23 | Proctologue · wall_segment Palisade Wall x1 |
| 11:23 | Proctologue · wall_segment Palisade Wall x1 |
| 11:24 | Proctologue · wall_segment Palisade Wall x1 |
| 11:26 | Kalpit00 · wall_segment Palisade Wall x1 |
| 11:29 | Proctologue · wall_segment Palisade Wall x1 |
| 11:30 | Proctologue · wall_segment Palisade Wall x4 |
| 11:31 | Proctologue · wall_segment Palisade Wall x3 |
| 11:52 | Kalpit00 · wall_segment Palisade Wall x2 |
| 11:58 | Kalpit00 · wall_segment Palisade Wall x2 |
| 13:04 | Proctologue · wall_segment Palisade Wall x1 |
| 15:28 | Kalpit00 · wall_segment Palisade Wall x1 |
| 20:16 | Kalpit00 · wall_segment Palisade Wall x6 |
| 20:28 | Kalpit00 · wall_segment Palisade Wall x1 |
| 20:52 | Kalpit00 · wall_segment Palisade Wall x8 |
| 20:53 | Kalpit00 · wall_segment Palisade Wall x1 |
| 22:04 | Kalpit00 · age_up castle |
| 23:42 | Proctologue · first_building Stable |
| 24:08 | Proctologue · wall_segment Palisade Wall x9 |
| 24:12 | Proctologue · wall_segment Palisade Wall x9 |
| 25:15 | Proctologue · wall_segment Palisade Wall x20 |
| 25:45 | Kalpit00 · first_market_buy 100 wood |
| 25:48 | Kalpit00 · first_building Siege Workshop |
| 26:01 | Kalpit00 · first_building Castle |
| 26:27 | Proctologue · age_up castle |
| 26:34 | Kalpit00 · first_market_sell 100 food |
| 27:24 | Kalpit00 · wall_segment Palisade Wall x1 |
| 29:48 | Proctologue · wall_segment Palisade Wall x1 |
| 30:37 | Kalpit00 · first_building Monastery |
| 32:57 | Proctologue · first_building Castle |
| 39:20 | Kalpit00 · age_up imperial |
| 41:41 | Proctologue · age_up imperial |
| 42:08 | Proctologue · first_market_sell 100 food |
| 43:28 | Proctologue · first_market_buy 100 food |
| 54:11 | Proctologue · resign |
[ AI ANALYSIS · 1 CREDIT ]
What really happened in this match?
Wolo.gg analyzes every decision: build order, eco, micro, common mistakes by bracket. Personalized analysis on WhatsApp or Discord in 30 seconds.
Civ guide
Italians
Perfil
Jugador #727835